[Event "XXXIX Benasque Open 2019"]
[Site "Benasque"]
[Date "2019.07.04"]
[Round "1.5"]
[White "Deac, Bogdan-Daniel"]
[Black "De Lucas Bello, Federico"]
[Result "1-0"]
[ECO "B23"]
[WhiteElo "2621"]
[BlackElo "1964"]
[Annotator "ChessBase"]
[PlyCount "49"]
[EventDate "2019.07.04"]
[EventType "swiss"]
[EventCountry "ESP"]
[SourceTitle "playchess.com"]
[Source "ChessBase"]
[SourceQuality "1"]
[TimeControl "5400+30"]

1. e4 c5 2. Nc3 d6 3. d4 cxd4 4. Qxd4 Nc6 5. Qd2 g6 6. b3 Bh6 7. f4 Nf6 8. Bb2 O-O 9. O-O-O Bg4 10. Be2 Bxe2 11. Ngxe2 Rc8 12. Kb1 Bg7 13. h3 a6 14. g4 b5 15. Ng3 Qa5 16. Nd5 Qxd2 17. Rxd2 Nd7 18. h4 Bxb2 19. Kxb2 Rfd8 20. h5 a5 21. hxg6 fxg6 22. Rdh2 Nf8 23. f5 Kf7 24. Rxh7+ Nxh7 25. Rxh7+ 1-0

[Event "XXXIX Benasque Open 2019"]
[Site "Benasque"]
[Date "2019.07.04"]
[Round "1.6"]
[White "Martinez De Navascues, Francisco"]
[Black "Indjic, Aleksandar"]
[Result "0-1"]
[ECO "A01"]
[WhiteElo "1962"]
[BlackElo "2604"]
[Annotator "ChessBase"]
[PlyCount "92"]
[EventDate "2019.07.04"]
[EventType "swiss"]
[EventCountry "ESP"]
[SourceTitle "playchess.com"]
[Source "ChessBase"]
[SourceQuality "1"]
[TimeControl "5400+30"]

1. b3 e5 2. Bb2 Nc6 3. e3 g6 4. d4 exd4 5. Nf3 Bb4+ 6. Nbd2 Bc3 7. Bxc3 dxc3 8. Ne4 Nf6 9. Nxc3 O-O 10. Be2 d5 11. O-O Qd6 12. Nb5 Qe7 13. c4 dxc4 14. Bxc4 Na5 15. Be2 a6 16. Nc3 Rd8 17. Qc1 b5 18. Rd1 Bb7 19. Qb2 c5 20. Rxd8+ Rxd8 21. Rd1 Rc8 22. Nb1 Nc6 23. a4 b4 24. Nbd2 Nd5 25. Nc4 Nc3 26. Rd3 Rc7 27. Qd2 Bc8 28. Nd6 Be6 29. Bd1 Bd5 30. Nc4 Bxc4 31. bxc4 Na5 32. Rd8+ Kg7 33. Bc2 Nxc4 34. Qd3 Nb2 35. Qd6 Qxd6 36. Rxd6 c4 37. Nd4 b3 38. Bxb3 cxb3 39. Nxb3 Ncxa4 40. h4 Rb7 41. Nd4 Rb6 42. Rd7 Nc5 43. Ra7 Rb7 44. Ra8 Nbd3 45. h5 Rb1+ 46. Kh2 Nxf2 0-1

[Event "XXXIX Benasque Open 2019"]
[Site "Benasque"]
[Date "2019.07.04"]
[Round "1.7"]
[White "Martinez Alcantara, Jose Eduardo"]
[Black "Gonzalez Manchon, Juan Miguel"]
[Result "1-0"]
[ECO "E63"]
[WhiteElo "2601"]
[BlackElo "1961"]
[Annotator "ChessBase"]
[PlyCount "67"]
[EventDate "2019.07.04"]
[EventType "swiss"]
[EventCountry "ESP"]
[SourceTitle "playchess.com"]
[Source "ChessBase"]
[SourceQuality "1"]
[TimeControl "5400+30"]

1. c4 g6 2. Nf3 Bg7 3. d4 Nf6 4. g3 O-O 5. Bg2 d6 6. O-O Nc6 7. Nc3 a6 8. Bf4 Nxd4 9. Qxd4 e5 10. Nxe5 dxe5 11. Bxe5 c6 12. Rad1 Bf5 13. e4 Bg4 14. f3 Be6 15. c5 Qxd4+ 16. Rxd4 Nd5 17. Bxg7 Nxc3 18. bxc3 Kxg7 19. a3 Rae8 20. f4 f6 21. h4 Re7 22. Kh2 Rfe8 23. Rb1 g5 24. hxg5 fxg5 25. Rf1 Bc8 26. Rd6 Rf7 27. e5 Ref8 28. e6 Rf6 29. Bh3 Rh6 30. Kg2 gxf4 31. gxf4 Rh5 32. Bg4 Rxc5 33. e7 Bxg4 34. Rd8 1-0

[Event "XXXIX Benasque Open 2019"]
[Site "Benasque"]
[Date "2019.07.04"]
[Round "1.8"]
[White "Pes Mateo, Angel"]
[Black "Bartel, Mateusz"]
[Result "0-1"]
[ECO "A47"]
[WhiteElo "1961"]
[BlackElo "2600"]
[Annotator "ChessBase"]
[PlyCount "54"]
[EventDate "2019.07.04"]
[EventType "swiss"]
[EventCountry "ESP"]
[SourceTitle "playchess.com"]
[Source "ChessBase"]
[SourceQuality "1"]
[TimeControl "5400+30"]

1. d4 Nf6 2. Nf3 b6 3. Bf4 Bb7 4. Nbd2 Nh5 5. e3 Nxf4 6. exf4 g6 7. Bd3 Bg7 8. O-O e6 9. Re1 O-O 10. c3 c5 11. Ne4 d5 12. Neg5 Nc6 13. Ne5 cxd4 14. cxd4 Nxd4 15. Bxg6 hxg6 16. Qxd4 f6 17. Nxe6 fxe5 18. fxe5 Qe7 19. Nxf8 Rxf8 20. Rac1 Rf5 21. f4 g5 22. g3 gxf4 23. gxf4 Qh4 24. Rf1 Rxe5 25. Qd1 Re7 26. Rc2 d4 27. Rcf2 Re3 0-1

[Event "XXXIX Benasque Open 2019"]
[Site "Benasque"]
[Date "2019.07.04"]
[Round "1.9"]
[White "Markus, Robert"]
[Black "Laplaza Ara, Carlos"]
[Result "1-0"]
[ECO "E06"]
[WhiteElo "2595"]
[BlackElo "1960"]
[Annotator "ChessBase"]
[PlyCount "81"]
[EventDate "2019.07.04"]
[EventType "swiss"]
[EventCountry "ESP"]
[SourceTitle "playchess.com"]
[Source "ChessBase"]
[SourceQuality "1"]
[TimeControl "5400+30"]

1. d4 d5 2. c4 e6 3. Nf3 Nf6 4. g3 Be7 5. Bg2 O-O 6. O-O b6 7. cxd5 exd5 8. Nc3 Bb7 9. b3 c5 10. Bb2 Nc6 11. Rc1 Rc8 12. e3 Ne4 13. dxc5 Nxc3 14. Bxc3 bxc5 15. Qd2 Qd6 16. Qb2 f6 17. Rfd1 Rfd8 18. Ne1 Qe6 19. Nd3 d4 20. exd4 cxd4 21. Bd2 Qd7 22. Re1 Bf8 23. b4 Re8 24. Rxe8 Rxe8 25. Qb3+ Kh8 26. Qa4 Rc8 27. b5 Ne5 28. Nxe5 Rxc1+ 29. Bxc1 fxe5 30. Qxa7 Qc8 31. Qxb7 Qxc1+ 32. Bf1 h6 33. Qb8 Qc5 34. Bd3 Qd6 35. Qe8 Qe7 36. Qg6 Kg8 37. b6 Qd6 38. Qe8 Qe7 39. Qa8 Qa3 40. b7 Qc1+ 41. Bf1 1-0

[Event "XXXIX Benasque Open 2019"]
[Site "Benasque"]
[Date "2019.07.04"]
[Round "1.10"]
[White "Rollan Vallejos, Javier"]
[Black "Rasmussen, Allan Stig"]
[Result "0-1"]
[ECO "B13"]
[WhiteElo "1959"]
[BlackElo "2569"]
[Annotator "ChessBase"]
[PlyCount "58"]
[EventDate "2019.07.04"]
[EventType "swiss"]
[EventCountry "ESP"]
[SourceTitle "playchess.com"]
[Source "ChessBase"]
[SourceQuality "1"]
[TimeControl "5400+30"]

1. e4 c6 2. d4 d5 3. exd5 cxd5 4. Bd3 Nc6 5. c3 Qc7 6. Nf3 Bg4 7. Nbd2 e6 8. O-O Bd6 9. Qc2 Nge7 10. Re1 O-O-O 11. b4 Kb8 12. b5 Na5 13. a4 Rc8 14. Ba3 Bxa3 15. Rxa3 Bf5 16. Rb1 Qd6 17. Ra2 f6 18. Nb3 Nxb3 19. Rxb3 Bg4 20. Nd2 e5 21. Qb2 Rhe8 22. Rb4 Bf5 23. Bf1 Ng6 24. Nb3 Nf4 25. Nc5 exd4 26. cxd4 Re1 27. Ra1 Rce8 28. Rc1 Ne2+ 29. Kh1 Rxc1 0-1

[Event "XXXIX Benasque Open 2019"]
[Site "Benasque"]
[Date "2019.07.05"]
[Round "2.3"]
[White "Banusz, Tamas"]
[Black "Cortes Lizano, Jesus"]
[Result "1/2-1/2"]
[ECO "A04"]
[WhiteElo "2626"]
[BlackElo "2202"]
[Annotator "RC"]
[PlyCount "178"]
[EventDate "2019.07.04"]
[EventType "swiss"]
[EventCountry "ESP"]
[SourceTitle "playchess.com"]
[Source "ChessBase"]
[SourceQuality "1"]
[TimeControl "5400+30"]

1. Nf3 g6 2. d4 Bg7 3. c4 d6 4. g3 Nd7 5. Bg2 e5 6. O-O Ne7 7. Nc3 O-O 8. e4 exd4 9. Nxd4 Nc6 10. Nde2 Nc5 11. Be3 a5 12. Qc2 f5 13. Rad1 Qe8 14. Nb5 Qf7 15. Nec3 fxe4 16. Bxc5 dxc5 17. Bxe4 Nd4 18. Nxd4 Bxd4 19. Nb5 Qg7 20. Nxd4 cxd4 21. c5 Be6 22. Bxb7 Rab8 23. Qe4 Bxa2 24. Bd5+ Bxd5 25. Qxd5+ Kh8 26. Rd2 Rfd8 27. Qe4 Qf6 28. Qd3 Qe6 29. Qa3 Rb5 30. Rfd1 Qe5 31. c6 Rbd5 32. Qd3 Qf6 33. Qc4 Kg7 34. Rd3 h5 35. h4 Qe5 36. Rf3 Rf8 37. Rfd3 Rfd8 38. Qa6 Rc5 39. Qb7 Kh6 40. R3d2 Rb5 41. Qa7 Rb6 42. Kh2 Rxc6 43. Rxd4 Rxd4 44. Rxd4 Rc1 45. Ra4 Qe1 46. Qe3+ Qxe3 47. fxe3 Rc2+ 48. Kh3 Rxb2 49. Rxa5 Rb3 50. Re5 Kg7 51. Kg2 Kf6 52. Re8 Kf7 53. Re4 Rc3 54. Kf3 Rc5 55. Ra4 Rc1 56. Ra6 Rf1+ 57. Ke4 Rg1 58. Kf3 Rf1+ 59. Ke2 Rg1 60. Kf2 Rc1 61. Kg2 Rc3 62. Kf3 Rc1 63. e4 Rf1+ 64. Ke3 Rg1 65. Kf4 Rf1+ 66. Ke5 Rc1 67. Rf6+ Kg7 68. Rf3 Rc6 69. Rd3 Kh6 70. Rd7 g5 71. Kf5 gxh4 72. gxh4 Rc1 73. e5 Rf1+ 74. Ke6 Rf4 75. Rd5 Rxh4 76. Kd7 c6 77. Rd6+ Kg5 78. e6 Re4 79. e7 Rxe7+ 80. Kxe7 h4 81. Ke6 h3 82. Ke5 Kg4 83. Ke4 h2 84. Rh6 Kg3 85. Ke3 Kg2 86. Rg6+ Kf1 87. Rxc6 h1=Q 88. Rc1+ Kg2 89. Rxh1 Kxh1 1/2-1/2

[Event "XXXIX Benasque Open 2019"]
[Site "Benasque"]
[Date "2019.07.05"]
[Round "2.4"]
[White "Ter-Sahakyan, Samvel"]
[Black "Lucas Vega, Ivan"]
[Result "1-0"]
[ECO "D37"]
[WhiteElo "2625"]
[BlackElo "2196"]
[Annotator "RC"]
[PlyCount "65"]
[EventDate "2019.07.04"]
[EventType "swiss"]
[EventCountry "ESP"]
[SourceTitle "playchess.com"]
[Source "ChessBase"]
[SourceQuality "1"]
[TimeControl "5400+30"]

1. d4 d5 2. c4 e6 3. Nc3 Nf6 4. Nf3 Be7 5. Bf4 O-O 6. e3 a6 7. a3 Nbd7 8. c5 Nh5 9. Bd3 Nxf4 10. exf4 Re8 11. Qc2 Nf8 12. O-O c6 13. b4 Qc7 14. g3 g6 15. h4 h5 16. Kg2 Bf6 17. Ne5 Bg7 18. a4 f5 19. b5 Bxe5 20. fxe5 axb5 21. axb5 Bd7 22. b6 Qb8 23. Qd2 Kg7 24. Ne2 Rxa1 25. Rxa1 Qd8 26. Qg5 Qxg5 27. hxg5 Nh7 28. Ra7 Rb8 29. f4 Nf8 30. Nc1 Bc8 31. Nb3 Kf7 32. Na5 Nd7 33. Ba6 1-0

[Event "XXXIX Benasque Open 2019"]
[Site "Benasque"]
[Date "2019.07.05"]
[Round "2.5"]
[White "Prraneeth Vuppala"]
[Black "Deac, Bogdan-Daniel"]
[Result "0-1"]
[ECO "A62"]
[WhiteElo "2201"]
[BlackElo "2621"]
[Annotator "RC"]
[PlyCount "76"]
[EventDate "2019.07.04"]
[EventType "swiss"]
[EventCountry "ESP"]
[SourceTitle "playchess.com"]
[Source "ChessBase"]
[SourceQuality "1"]
[TimeControl "5400+30"]

1. d4 Nf6 2. c4 e6 3. g3 c5 4. d5 exd5 5. cxd5 d6 6. Nc3 g6 7. Bg2 Bg7 8. Nf3 O-O 9. O-O Re8 10. Bf4 h6 11. Qc1 g5 12. Be3 Bf5 13. h4 g4 14. Nd2 Rxe3 15. fxe3 Bg6 16. Nc4 Nh5 17. Qe1 Na6 18. e4 Qe7 19. e5 Bxe5 20. Nxe5 Qxe5 21. Kh2 Nb4 22. Rc1 Nc2 23. Rxc2 Bxc2 24. e4 Re8 25. Qf2 Re7 26. Qxc2 Nxg3 27. Re1 Nxe4+ 28. Kg1 Qd4+ 29. Kh2 g3+ 30. Kh3 Nf2+ 31. Kxg3 Qg4+ 32. Kxf2 Qxh4+ 33. Kf3 Qxe1 34. Ne2 Re5 35. Qd3 Qh4 36. Nf4 Rg5 37. Qe4 Qg3+ 38. Ke2 Re5 0-1

[Event "XXXIX Benasque Open 2019"]
[Site "Benasque"]
[Date "2019.07.05"]
[Round "2.6"]
[White "Indjic, Aleksandar"]
[Black "Alvarez Nistal, David"]
[Result "1-0"]
[ECO "A06"]
[WhiteElo "2604"]
[BlackElo "2189"]
[Annotator "RC"]
[PlyCount "87"]
[EventDate "2019.07.04"]
[EventType "swiss"]
[EventCountry "ESP"]
[SourceTitle "playchess.com"]
[Source "ChessBase"]
[SourceQuality "1"]
[TimeControl "5400+30"]

1. Nf3 d5 2. g3 Nf6 3. Bg2 c6 4. d3 Bg4 5. h3 Bh5 6. g4 Bg6 7. Nh4 e6 8. Nd2 Nfd7 9. Nxg6 hxg6 10. e4 Be7 11. O-O dxe4 12. Nxe4 Nf6 13. Ng3 Qc7 14. Rb1 a5 15. c4 Nbd7 16. d4 Bd6 17. Qf3 O-O 18. g5 Ne8 19. Ne4 e5 20. Be3 exd4 21. Bxd4 Be5 22. Qc3 c5 23. Bxe5 Qxe5 24. Rfd1 Qxc3 25. bxc3 Ne5 26. Rd5 Nxc4 27. Bf1 Na3 28. Rxb7 Rc8 29. Rdd7 Rc6 30. h4 c4 31. Bh3 Nc2 32. Kf1 a4 33. Ke2 Ra6 34. Kd2 Na3 35. Kc1 Ra5 36. f4 Rb5 37. Rxb5 Nxb5 38. Bf1 Nbc7 39. Bxc4 Ne6 40. Bxe6 fxe6 41. Re7 Kh7 42. Kd2 Rxf4 43. Ke3 Rf8 44. c4 1-0

[Event "XXXIX Benasque Open 2019"]
[Site "Benasque"]
[Date "2019.07.05"]
[Round "2.7"]
[White "Calvo Simon, Jorge"]
[Black "Martinez Alcantara, Jose Eduardo"]
[Result "0-1"]
[ECO "B90"]
[WhiteElo "2192"]
[BlackElo "2601"]
[Annotator "RC"]
[PlyCount "42"]
[EventDate "2019.07.04"]
[EventType "swiss"]
[EventCountry "ESP"]
[SourceTitle "playchess.com"]
[Source "ChessBase"]
[SourceQuality "1"]
[TimeControl "5400+30"]

1. Nf3 c5 2. e4 d6 3. d4 cxd4 4. Nxd4 Nf6 5. Nc3 a6 6. h3 e5 7. Nde2 h5 8. g3 Be6 9. Bg2 b5 10. Bg5 Nbd7 11. O-O Be7 12. a3 Rc8 13. f4 Qb6+ 14. Rf2 Bc4 15. Qd2 d5 16. b4 Bxe2 17. Bxf6 Nxf6 18. fxe5 Rxc3 19. exf6 Bxf6 20. e5 Bxe5 21. Qxe2 Re3 0-1

[Event "XXXIX Benasque Open 2019"]
[Site "Benasque"]
[Date "2019.07.05"]
[Round "2.8"]
[White "Bartel, Mateusz"]
[Black "Garcia Trobat, Francisco"]
[Result "1-0"]
[ECO "A45"]
[WhiteElo "2600"]
[BlackElo "2183"]
[Annotator "RC"]
[PlyCount "123"]
[EventDate "2019.07.04"]
[EventType "swiss"]
[EventCountry "ESP"]
[SourceTitle "playchess.com"]
[Source "ChessBase"]
[SourceQuality "1"]
[TimeControl "5400+30"]

1. d4 Nf6 2. Bg5 Ne4 3. Bf4 e6 4. e3 Bd6 5. Bxd6 Nxd6 6. Nc3 b6 7. Be2 Bb7 8. Bf3 Nc6 9. Nge2 Qe7 10. Nf4 Nc4 11. b3 Nd6 12. Qd2 a5 13. O-O g5 14. Nd3 O-O-O 15. d5 Nb4 16. e4 h5 17. a3 Nxd3 18. Qxd3 g4 19. Be2 f5 20. e5 Ne4 21. d6 cxd6 22. Nxe4 fxe4 23. Qxd6 Qxd6 24. exd6 Rdf8 25. b4 Rf5 26. bxa5 bxa5 27. Rab1 e3 28. fxe3 Rhf8 29. Bd3 Rxf1+ 30. Rxf1 Rxf1+ 31. Kxf1 Bc6 32. g3 Kb7 33. Ke1 Bf3 34. Bg6 Kc6 35. Bxh5 Kxd6 36. h4 Ke5 37. Bg6 Kf6 38. Bd3 d5 39. Be2 e5 40. Kf2 Be4 41. c4 dxc4 42. Bxc4 Bg6 43. Ke2 Ke7 44. Kd2 Kd6 45. Kc3 Kc5 46. Be6 Bh5 47. Bf5 Kb5 48. Bd7+ Kc5 49. Kd3 Bg6+ 50. Kd2 Bh5 51. Kc3 Kd6 52. Bf5 Kc5 53. Kd3 Kd5 54. Bh7 Bf7 55. Be4+ Kc5 56. Bf5 Bh5 57. Ke4 Kd6 58. Bh7 Ke6 59. Bg8+ Kf6 60. Kd5 Kf5 61. Be6+ Kf6 62. Kd6 1-0

[Event "XXXIX Benasque Open 2019"]
[Site "Benasque"]
[Date "2019.07.05"]
[Round "2.9"]
[White "Garcia Romero, Benjamin Abel"]
[Black "Markus, Robert"]
[Result "0-1"]
[ECO "C06"]
[WhiteElo "2188"]
[BlackElo "2595"]
[Annotator "ChessBase"]
[PlyCount "128"]
[EventDate "2019.07.04"]
[EventType "swiss"]
[EventCountry "ESP"]
[SourceTitle "playchess.com"]
[Source "ChessBase"]
[SourceQuality "1"]
[TimeControl "5400+30"]

1. e4 e6 2. d4 d5 3. Nd2 Nf6 4. e5 Nfd7 5. Bd3 c5 6. c3 Nc6 7. Ne2 cxd4 8. cxd4 f6 9. exf6 Nxf6 10. Nf3 Qc7 11. O-O Bd6 12. Bg5 O-O 13. Bh4 Nh5 14. Rc1 Bd7 15. a3 h6 16. Bb1 Be8 17. Re1 g5 18. Bg3 Nxg3 19. Nxg3 Rf6 20. Ne5 Bxe5 21. dxe5 Rf4 22. b4 a6 23. Ne2 Bh5 24. Qd3 Bxe2 25. Qg6+ Qg7 26. Qxe6+ Kh8 27. Rxe2 Nd4 28. Rc8+ Rxc8 29. Qxc8+ Rf8 30. Qg4 Nxe2+ 31. Qxe2 Rc8 32. Bc2 Re8 33. Qd3 Rxe5 34. g3 Qe7 35. Kg2 Re2 36. Qg6 Re6 37. Qf5 Rd6 38. Bd3 Kg8 39. Qc8+ Kg7 40. Qf5 Qf7 41. Qh7+ Kf8 42. Qh8+ Ke7 43. Qc8 b5 44. Bf5 Kf6 45. Bd3 Kg7 46. Qc5 Rf6 47. h3 Qe6 48. Qd4 Qb6 49. Qb2 Kf7 50. Bh7 h5 51. Qd2 Kf8 52. Bc2 h4 53. Bd1 hxg3 54. fxg3 Qe6 55. Bf3 Rf5 56. Qc2 Qe5 57. Qd2 Kg7 58. Qc2 Rf7 59. Qd2 d4 60. Bh5 Rf6 61. Qc2 Qe3 62. Bg4 d3 63. Qc7+ Kh6 64. Bf5 Rxf5 0-1

[Event "XXXIX Benasque Open 2019"]
[Site "Benasque"]
[Date "2019.07.05"]
[Round "2.10"]
[White "Rasmussen, Allan Stig"]
[Black "Lamas Mercadal, Manuel"]
[Result "1-0"]
[ECO "A40"]
[WhiteElo "2569"]
[BlackElo "2177"]
[Annotator "ChessBase"]
[PlyCount "41"]
[EventDate "2019.07.04"]
[EventType "swiss"]
[EventCountry "ESP"]
[SourceTitle "playchess.com"]
[Source "ChessBase"]
[SourceQuality "1"]
[TimeControl "5400+30"]

1. d4 e6 2. c4 f5 3. Nf3 Nf6 4. e3 b6 5. Bd3 Bb7 6. O-O Bd6 7. Nc3 O-O 8. b3 Ne4 9. Bxe4 fxe4 10. Nd2 Qh4 11. g3 Qh3 12. Ndxe4 Nc6 13. f3 Ne7 14. Nxd6 cxd6 15. e4 d5 16. Ba3 Rf7 17. Qd3 dxc4 18. bxc4 Ng6 19. Bd6 h5 20. Ne2 Rc8 21. Kh1 1-0

[Event "XXXIX Benasque Open 2019"]
[Site "Benasque"]
[Date "2019.07.06"]
[Round "3.1"]
[White "Piorun, Kacper"]
[Black "Ruperez Benito, Antonio"]
[Result "1-0"]
[ECO "C02"]
[WhiteElo "2656"]
[BlackElo "2350"]
[Annotator "RC"]
[PlyCount "143"]
[EventDate "2019.07.04"]
[EventType "swiss"]
[EventCountry "ESP"]
[SourceTitle "playchess.com"]
[Source "ChessBase"]
[SourceQuality "1"]
[TimeControl "5400+30"]

1. e4 e6 2. d4 d5 3. e5 c5 4. c3 Qb6 5. Nf3 Nc6 6. a3 Nh6 7. b4 cxd4 8. Bxh6 gxh6 9. cxd4 Bd7 10. Ra2 Rg8 11. g3 Rg4 12. Rd2 a5 13. b5 Na7 14. Bd3 Bxb5 15. O-O Rc8 16. Rb2 Qc6 17. Bxb5 Nxb5 18. Qd3 Na7 19. Qxh7 b5 20. Qd3 Kd7 21. Kg2 Qc4 22. Qd1 Rg8 23. Re1 Be7 24. Ree2 Rc6 25. Qd2 b4 26. axb4 axb4 27. Qxh6 Nb5 28. Qe3 Rgc8 29. h4 Na3 30. Ne1 Qc1 31. Qb3 Qc4 32. Qe3 Qc1 33. Qd3 Qc4 34. Nd2 Qxd3 35. Nxd3 Rc2 36. Nb3 Rxe2 37. Rxe2 Rc3 38. Ndc1 Nb5 39. Rd2 f6 40. f4 Na3 41. exf6 Bxf6 42. Nd3 Ke7 43. Ndc5 Rc2 44. Rxc2 Nxc2 45. Nd3 Bxd4 46. Nxb4 Nxb4 47. Nxd4 Kf6 48. Kf3 Nd3 49. Ke3 Nb2 50. g4 Nc4+ 51. Kf3 e5 52. g5+ Kg7 53. fxe5 Nxe5+ 54. Kf4 Ng6+ 55. Kg4 Ne5+ 56. Kf5 Nf7 57. Ne6+ Kg8 58. Kf6 Nd6 59. Ke5 Nc8 60. Kxd5 Kf7 61. Nf4 Ne7+ 62. Ke5 Nc6+ 63. Kf5 Nd4+ 64. Ke4 Nb5 65. h5 Nd6+ 66. Kf3 Kg7 67. Kg4 Nf7 68. Ne6+ Kh8 69. g6 Nd6 70. h6 Kg8 71. Ng5 Ne4 72. Nxe4 1-0

[Event "XXXIX Benasque Open 2019"]
[Site "Benasque"]
[Date "2019.07.06"]
[Round "3.3"]
[White "Cervello Tost, Ferran"]
[Black "Ter-Sahakyan, Samvel"]
[Result "0-1"]
[ECO "A40"]
[WhiteElo "2349"]
[BlackElo "2625"]
[Annotator "RC"]
[PlyCount "72"]
[EventDate "2019.07.04"]
[EventType "swiss"]
[EventCountry "ESP"]
[SourceTitle "playchess.com"]
[Source "ChessBase"]
[SourceQuality "1"]
[TimeControl "5400+30"]

1. d4 e6 2. Nf3 f5 3. g3 Nf6 4. Bg2 d5 5. O-O Bd6 6. c4 c6 7. b3 Qe7 8. Bb2 b6 9. Ne5 Bb7 10. Nd2 O-O 11. Rc1 a5 12. a4 Na6 13. Nd3 Ne4 14. f3 Nxd2 15. Qxd2 c5 16. e3 dxc4 17. bxc4 Nb4 18. e4 cxd4 19. exf5 exf5 20. Rfe1 Qf6 21. f4 Bxg2 22. Kxg2 Bc5 23. Re5 Qc6+ 24. Kg1 Rae8 25. Rce1 Nxd3 26. Qxd3 Qxa4 27. Kf1 Rd8 28. Re6 Qd7 29. Ba3 Qb7 30. Kf2 Bxa3 31. Qxa3 d3 32. Re7 Qc6 33. Qc3 Rf6 34. R7e3 d2 35. Rd1 Rfd6 36. Qe5 Qa4 0-1

[Event "XXXIX Benasque Open 2019"]
[Site "Benasque"]
[Date "2019.07.06"]
[Round "3.4"]
[White "Deac, Bogdan-Daniel"]
[Black "Esplugas Esteve, Vicenc"]
[Result "1/2-1/2"]
[ECO "E06"]
[WhiteElo "2621"]
[BlackElo "2347"]
[Annotator "RC"]
[PlyCount "138"]
[EventDate "2019.07.04"]
[EventType "swiss"]
[EventCountry "ESP"]
[SourceTitle "playchess.com"]
[Source "ChessBase"]
[SourceQuality "1"]
[TimeControl "5400+30"]

1. d4 Nf6 2. c4 e6 3. Nf3 d5 4. g3 Be7 5. Bg2 O-O 6. Nc3 dxc4 7. Ne5 Nc6 8. Bxc6 bxc6 9. Nxc6 Qe8 10. Nxe7+ Qxe7 11. Qa4 c5 12. dxc5 Qxc5 13. Be3 Qc7 14. O-O-O Bb7 15. f3 Nd5 16. Bd4 e5 17. Nxd5 Bxd5 18. Bc3 Be6 19. Rd2 a5 20. Qa3 Rfe8 21. Qd6 Qxd6 22. Rxd6 f6 23. Rhd1 Kf7 24. a3 h5 25. h4 a4 26. Kc2 Bf5+ 27. e4 Bh3 28. Kd2 Red8 29. Ke2 Rxd6 30. Rxd6 Ra7 31. Rb6 Rc7 32. Ra6 Bd7 33. Ke3 Bb5 34. Rb6 Bd7 35. f4 Rc6 36. Rb7 exf4+ 37. gxf4 Ke8 38. Ra7 Re6 39. Rc7 Rc6 40. Rb7 Rd6 41. Bd4 Re6 42. Ra7 Bc6 43. e5 fxe5 44. Bxe5 Bd7 45. Kd4 g6 46. Kxc4 Ke7 47. Kd5 Rb6 48. Bd4 Rd6+ 49. Kc4 Ke8 50. Kc5 Re6 51. Kd5 Re2 52. Ra6 Rg2 53. Ke5 Rg4 54. Bc5 Rxh4 55. Rxg6 Rg4 56. Rh6 h4 57. Rh8+ Kf7 58. Rh7+ Ke8 59. Be3 Rg3 60. Bb6 Rg6 61. Bd4 h3 62. Rh5 Re6+ 63. Kd5 Re2 64. Kd6 Re6+ 65. Kd5 Re2 66. Rh8+ Ke7 67. Rh7+ Ke8 68. Rh8+ Ke7 {[%emt 0:00:02] Rh} 69. Rh7+ Ke8 1/2-1/2

[Event "XXXIX Benasque Open 2019"]
[Site "Benasque"]
[Date "2019.07.06"]
[Round "3.5"]
[White "Lianes Garcia, Marcos"]
[Black "Indjic, Aleksandar"]
[Result "0-1"]
[ECO "E11"]
[WhiteElo "2346"]
[BlackElo "2604"]
[Annotator "RC"]
[PlyCount "86"]
[EventDate "2019.07.04"]
[EventType "swiss"]
[EventCountry "ESP"]
[SourceTitle "playchess.com"]
[Source "ChessBase"]
[SourceQuality "1"]
[TimeControl "5400+30"]

1. d4 Nf6 2. c4 e6 3. Nf3 Bb4+ 4. Bd2 a5 5. Nc3 b6 6. e3 Bb7 7. Bd3 O-O 8. O-O d6 9. Qe2 Nbd7 10. e4 e5 11. d5 Nc5 12. Bc2 c6 13. dxc6 Bxc6 14. Nd5 Bxd2 15. Nxd2 Rb8 16. Qf3 Nfd7 17. Rac1 Ne6 18. Qe3 Ndc5 19. Bd1 b5 20. Nc3 bxc4 21. Nxc4 a4 22. Nd5 f5 23. exf5 Nd4 24. Nc3 Rb4 25. b3 axb3 26. axb3 Rxf5 27. Na2 Rb5 28. b4 Nce6 29. Bg4 Nf4 30. Nxe5 dxe5 31. Rxc6 Qd5 32. Rc8+ Kf7 33. Bh3 Nxh3+ 34. Qxh3 Qxa2 35. Qxh7 Qa7 36. Rd8 Qe7 37. Qg8+ Kg6 38. Re8 Qf7 39. Qxf7+ Kxf7 40. Rd8 Rxb4 41. Re1 Rb2 42. Rd7+ Kg8 43. Rf1 Ne2+ 0-1

[Event "XXXIX Benasque Open 2019"]
[Site "Benasque"]
[Date "2019.07.06"]
[Round "3.6"]
[White "Martinez Alcantara, Jose Eduardo"]
[Black "Martin Duque, Jesus"]
[Result "1/2-1/2"]
[ECO "E19"]
[WhiteElo "2601"]
[BlackElo "2331"]
[Annotator "RC"]
[PlyCount "94"]
[EventDate "2019.07.04"]
[EventType "swiss"]
[EventCountry "ESP"]
[SourceTitle "playchess.com"]
[Source "ChessBase"]
[SourceQuality "1"]
[TimeControl "5400+30"]

1. Nf3 Nf6 2. c4 e6 3. g3 a6 4. Bg2 b5 5. d3 Bb7 6. O-O bxc4 7. dxc4 Be7 8. Qb3 Qc8 9. Nc3 O-O 10. Qc2 d6 11. e4 Nbd7 12. Bf4 Rb8 13. b3 Ng4 14. h3 Nge5 15. Nd4 Bf6 16. Nde2 Rd8 17. Rad1 Nf8 18. Be3 c5 19. f4 Nc6 20. Qd2 Qc7 21. g4 h6 22. g5 hxg5 23. fxg5 Be5 24. h4 Qa5 25. Kh1 Rd7 26. Rg1 Rbd8 27. Rdf1 Nb4 28. h5 d5 29. exd5 exd5 30. Nxd5 Ne6 31. g6 fxg6 32. Nef4 Bxf4 33. Bxf4 Qxa2 34. Qxa2 Nxa2 35. Bh3 Nxf4 36. Rxf4 Rd6 37. Rxg6 Nb4 38. Kh2 Nxd5 39. cxd5 Bxd5 40. Rf5 Bxb3 41. Rxc5 Bf7 42. Rgg5 Rd5 43. Bf1 Rxg5 44. Rxg5 Rd6 45. Ra5 Rh6 46. Be2 Bxh5 47. Rxh5 Rxh5+ 1/2-1/2

[Event "XXXIX Benasque Open 2019"]
[Site "Benasque"]
[Date "2019.07.06"]
[Round "3.7"]
[White "Martin Gonzalez, Angel"]
[Black "Bartel, Mateusz"]
[Result "0-1"]
[ECO "C58"]
[WhiteElo "2331"]
[BlackElo "2600"]
[Annotator "RC"]
[PlyCount "58"]
[EventDate "2019.07.04"]
[EventType "swiss"]
[EventCountry "ESP"]
[SourceTitle "playchess.com"]
[Source "ChessBase"]
[SourceQuality "1"]
[TimeControl "5400+30"]

1. e4 e5 2. Nf3 Nc6 3. Bc4 Nf6 4. Ng5 d5 5. exd5 Na5 6. Bb5+ c6 7. dxc6 bxc6 8. Bd3 Nd5 9. Nf3 Bd6 10. O-O O-O 11. Re1 Re8 12. Nc3 f5 13. Nxd5 cxd5 14. Bb5 Bd7 15. Bxd7 Qxd7 16. d3 Rad8 17. b4 e4 18. bxa5 exf3 19. Rxe8+ Rxe8 20. Bb2 Qe7 21. g3 Qe2 22. Bd4 a6 23. c4 dxc4 24. dxc4 Qxc4 25. Bxg7 Bc5 26. Rc1 Bxf2+ 27. Kxf2 Re2+ 28. Kg1 f2+ 29. Kg2 f1=R+ 0-1

[Event "XXXIX Benasque Open 2019"]
[Site "Benasque"]
[Date "2019.07.06"]
[Round "3.8"]
[White "Markus, Robert"]
[Black "Urriza Iricibar, Pablo"]
[Result "1-0"]
[ECO "A80"]
[WhiteElo "2595"]
[BlackElo "2315"]
[Annotator "ChessBase"]
[PlyCount "89"]
[EventDate "2019.07.04"]
[EventType "swiss"]
[EventCountry "ESP"]
[SourceTitle "playchess.com"]
[Source "ChessBase"]
[SourceQuality "1"]
[TimeControl "5400+30"]

1. d4 f5 2. Nc3 Nf6 3. Bg5 d5 4. e3 e6 5. Nf3 Nbd7 6. Bd3 c5 7. dxc5 Nxc5 8. O-O a6 9. Ne2 b5 10. Bf4 Bd6 11. c3 Qc7 12. Bxd6 Qxd6 13. Bc2 Bd7 14. Qd4 O-O 15. Ne5 Be8 16. c4 bxc4 17. Nxc4 Qc7 18. Ne5 Bb5 19. Rfc1 Bxe2 20. Bd3 Bxd3 21. Rxc5 Qb7 22. Nxd3 Nd7 23. Rc3 Rfc8 24. Rac1 Rxc3 25. Qxc3 a5 26. b3 Qb6 27. h3 Qd6 28. Qc7 Qxc7 29. Rxc7 Nf6 30. Kf1 Ne4 31. f3 Nd6 32. Nf4 a4 33. b4 Nc4 34. Kf2 Ra6 35. Nh5 Rb6 36. Nxg7 Kf8 37. f4 h6 38. g4 fxg4 39. hxg4 a3 40. Ke2 Rxb4 41. Nxe6+ Ke8 42. f5 Ne5 43. f6 Rb2+ 44. Kd1 Nd7 45. Rxd7 1-0